AoeStats
← [CL] Maga Oscura

Nomad

514444150Analyzed
4v4 RM · 1mo ago on Oct 18, 2026· 79m 35s· 8 players
Game mode
Random Map
Map size
231×231
Population
200
Speed
Normal
Resources
Standard
Victory
Conquest
Starting age
Dark Age
Ending age
Imperial Age
RankedLock teamsTeams togetherTeam positionsShared explorationLock speedFull tech treeHidden civsTurbo modeCheats
Victory
Defeat
🇦🇷 Persians · Argentina
1607
+12
🇺🇾 Hindustanis · Uruguay
1572
+14
🇨🇱 Inca · Chile
1554
+14
🇨🇦 Lithuanians · Canada
1551
+15
vs
🇨🇱 Ethiopians · Chile
1562
-15
🇦🇷 Maya · Argentina
1520
-14
🇩🇪 Berbers · Germany
1508
-13
🇨🇱 Huns · Chile
1503
-13
Persian Assassin
11:36 Loom
13:40 Feudal Age
14:49 Double-Bit Axe
17:26 Castle Age
19:00 Bow Saw
19:57 Horse Collar
23:22 Wheelbarrow
22:33 Town Watch
23:51 Heavy Plow
26:13 Scale Barding Armor
26:49 Forging
26:55 Gold Mining
27:36 Bloodlines
28:54 Chain Barding Armor
29:10 Iron Casting
29:42 Hand Cart
33:43 Imperial Age
31:33 Husbandry
33:13 Stone Mining
33:46 Elite Leitis
34:47 Conscription
35:03 Plate Barding Armor
50:52 Crop Rotation
52:49 Town Patrol
66:48 Caravan
77:14 Two-Man Saw
letmebelieve
4:13 Loom
12:58 Feudal Age
18:28 Castle Age
42:57 Wheelbarrow
47:11 Hand Cart
52:00 Imperial Age
50:13 Horse Collar
50:18 Double-Bit Axe
50:24 Gold Mining
50:25 Stone Mining
50:51 Champi Runner
51:32 Squires
51:18 Arson
52:08 Forging
51:59 Scale Mail Armor
51:50 Pikeman
52:44 Andean Sling
53:07 Conscription
52:33 Elite Skirmisher
53:27 Town Watch
54:00 Bow Saw
53:50 Heavy Plow
53:57 Fletching
54:28 Chain Mail Armor
54:15 Padded Archer Armor
55:21 Iron Casting
55:08 Ballistics
54:58 Bodkin Arrow
54:48 Treadmill Crane
55:31 Thumb Ring
56:32 Leather Archer Armor
57:18 Chemistry
57:09 Coinage
56:16 Halberdier
57:46 Bracer
59:35 Blast Furnace
61:45 Plate Mail Armor
61:45 Ring Archer Armor
62:43 Caravan
63:14 Banking
62:55 Guilds
67:12 Fabric Shields
68:16 Crop Rotation
68:22 Gold Shaft Mining
68:23 Stone Shaft Mining
73:31 Champi Warrior
74:33 Elite Champi Warrior
78:16 Masonry
78:05 Murder Holes
Alexis
9:53 Loom
12:41 Feudal Age
16:15 Castle Age
14:46 Double-Bit Axe
15:31 Horse Collar
15:47 Fishing Lines
16:28 Fletching
16:59 Bow Saw
17:19 Bodkin Arrow
30:56 Heavy Plow
32:02 Ballistics
33:44 Wheelbarrow
33:18 Town Watch
33:58 Gold Mining
34:28 Stone Mining
37:58 Imperial Age
35:38 Padded Archer Armor
35:58 Masonry
36:28 Bloodlines
36:58 Parthian Tactics
37:31 Leather Archer Armor
39:31 Chemistry
39:33 Thumb Ring
41:05 Chemistry
40:27 Heavy Cavalry Archer
41:38 Conscription
42:11 Hand Cart
44:37 Town Patrol
45:36 Hoardings
44:25 Demolition Ship
45:16 Medium Warships
46:30 Ring Archer Armor
46:08 Scale Barding Armor
46:39 Heavy Warships
49:12 Two-Man Saw
49:00 Citadels
50:02 Forging
50:12 Chain Barding Armor
50:27 Clinker Construction
50:28 Careening
52:05 Hoardings
51:41 Husbandry
51:02 Cavalier
52:56 Architecture
52:08 Savar
53:24 Iron Casting
53:25 Plate Barding Armor
53:35 Coinage
52:26 Heavy Camel Rider
54:29 Iron Casting
54:51 Capped Ram
57:12 Gold Shaft Mining
56:16 Siege Ram
60:25 Banking
65:18 Stone Shaft Mining
65:49 Caravan
69:23 Light Cavalry
73:06 Crop Rotation
78:28 Guilds
78:29 Hussar
[LdS]Nestoter
3:24 Loom
12:00 Feudal Age
17:46 Castle Age
18:21 Town Watch
23:54 Scale Mail Armor
27:43 Double-Bit Axe
28:23 Chain Mail Armor
30:06 Squires
37:11 Medium Warships
38:08 Bow Saw
45:25 Forging
45:33 Fishing Lines
46:20 Clinker Construction
46:21 Careening
46:49 Horse Collar
47:00 Gold Mining
48:52 Gold Shaft Mining
51:34 Imperial Age
51:35 Husbandry
51:46 Bloodlines
52:34 Scale Barding Armor
51:52 Heavy Camel Rider
54:13 Town Patrol
54:48 Wheelbarrow
54:53 Chain Barding Armor
55:09 Iron Casting
55:58 Chemistry
56:30 Plate Barding Armor
55:59 Light Cavalry
56:25 Imperial Camel Rider
57:33 Hand Cart
58:04 Gillnets
60:10 Blast Furnace
58:50 Elite Skirmisher
59:31 Padded Archer Armor
62:59 Blast Furnace
62:01 Padded Archer Armor
61:51 Fletching
66:04 Caravan
67:07 Conscription
67:07 Bodkin Arrow
67:30 Leather Archer Armor
68:22 Ballistics
68:13 Masonry
68:09 Siege Engineers
69:19 Bodkin Arrow
69:59 Bracer
70:33 Ring Archer Armor
70:36 Bracer
73:29 Coinage
73:15 Hussar
76:09 Shatagni
76:46 Hoardings
78:47 Banking
79:06 Elite Cannon Galleon
[CL] Dubstepyzed
5:15 Loom
15:03 Feudal Age
15:59 Double-Bit Axe
18:42 Castle Age
17:38 Fletching
19:17 Bloodlines
19:21 Bodkin Arrow
19:54 Bow Saw
20:48 Padded Archer Armor
20:34 Fishing Lines
22:49 Husbandry
25:51 Wheelbarrow
26:32 Ballistics
27:23 Scale Mail Armor
28:28 Gillnets
30:07 Hand Cart
30:23 Medium Warships
30:58 Thumb Ring
30:58 Gold Mining
32:50 Horse Collar
37:48 Imperial Age
35:57 Gold Shaft Mining
35:41 Clinker Construction
35:42 Murder Holes
35:51 Heavy Plow
36:27 Stone Mining
37:00 Town Watch
37:54 Masonry
38:31 Bracer
39:32 Chemistry
38:59 Heavy Warships
39:37 Parthian Tactics
39:30 Leather Archer Armor
40:42 Guilds
40:37 Squires
40:38 Scale Mail Armor
41:44 Two-Man Saw
41:25 Conscription
41:12 Heavy Cavalry Archer
42:30 Carvel Hull
43:37 Careening
43:18 Pikeman
44:14 Chain Mail Armor
44:10 Forging
44:52 Halberdier
47:07 Iron Casting
50:09 Light Cavalry
52:43 Coinage
56:30 Capped Ram
65:47 Blast Furnace
73:28 Siege Ram
75:37 Scale Barding Armor
76:40 Chain Barding Armor
six semen
12:23 Feudal Age
12:28 Loom
12:56 Double-Bit Axe
14:52 Fletching
19:36 Castle Age
21:21 Forging
25:40 Fishing Lines
30:33 Bow Saw
31:16 Wheelbarrow
30:58 Stone Mining
37:49 Horse Collar
39:03 Hand Cart
40:18 Heavy Plow
45:34 Squires
48:40 Imperial Age
46:20 Scale Mail Armor
46:24 Pikeman
47:29 Chain Mail Armor
49:03 Iron Casting
49:03 Hul'che Javelineers
49:04 Bodkin Arrow
50:04 Plate Mail Armor
50:47 Crop Rotation
49:40 Halberdier
50:06 Arson
49:55 Halberdier
51:45 Arson
51:53 Town Watch
53:03 Plate Mail Armor
52:29 Bodkin Arrow
52:35 Padded Archer Armor
52:57 Conscription
54:03 Two-Man Saw
53:37 Hul'che Javelineers
55:31 Leather Archer Armor
55:01 Elite Skirmisher
56:38 Bracer
57:54 Ring Archer Armor
57:31 Thumb Ring
60:14 Blast Furnace
62:46 Chemistry
62:06 Ballistics
72:01 Capped Ram
73:02 Siege Ram
Matzeking
14:22 Feudal Age
15:10 Loom
19:42 Castle Age
18:10 Double-Bit Axe
18:24 Fishing Lines
20:06 Fletching
22:13 Bow Saw
22:15 Medium Warships
23:12 Town Watch
23:39 Bodkin Arrow
25:07 Wheelbarrow
25:28 Gillnets
26:32 Hand Cart
26:37 Gold Mining
27:12 Horse Collar
34:29 Imperial Age
33:45 Bloodlines
33:36 Husbandry
33:37 Padded Archer Armor
35:14 Ballistics
35:14 Leather Archer Armor
35:30 Bracer
36:26 Conscription
37:15 Chemistry
37:56 Elite Camel Archer
38:41 Heavy Plow
40:04 Light Cavalry
40:49 Kasbah
41:20 Scale Barding Armor
41:46 Ring Archer Armor
41:28 Forging
42:57 Chain Barding Armor
44:15 Heavy Camel Rider
48:58 Crop Rotation
50:08 Siege Engineers
50:13 Masonry
50:42 Plate Barding Armor
51:31 Hussar
57:10 Iron Casting
57:26 Maghrebi Camels
58:02 Hoardings
[CL] Maga Oscura
8:34 Loom
9:25 Loom
12:11 Feudal Age
16:47 Double-Bit Axe
18:57 Horse Collar
21:06 Wheelbarrow
23:08 Castle Age
21:10 Horse Collar
22:15 Gold Mining
24:30 Wheelbarrow
25:25 Bow Saw
25:36 Forging
25:26 Scale Mail Armor
26:35 Town Watch
27:40 Chain Mail Armor
30:20 Squires
30:46 Arson
34:56 Imperial Age
34:01 Iron Casting
36:03 Halberdier
37:14 Plate Mail Armor
37:43 Hand Cart
38:38 Fletching
41:28 Blast Furnace
41:36 Fortified Wall
43:36 Fishing Lines
44:23 Medium Warships
45:55 Heavy Plow
48:44 Conscription
48:16 Crossbowman
49:09 Padded Archer Armor
49:17 Arbalester
51:59 Bodkin Arrow
52:32 Ballistics
53:13 Chemistry
52:44 Bracer
53:02 Leather Archer Armor
53:53 Elite Genitour
60:29 Ring Archer Armor
61:42 Husbandry
80:27 Coinage
Connection lost

Rejoining the realm…

Still unreachable

The connection could not be restored.

Session expired

The server has moved on; the page needs a fresh start.